Map: Ulrena

Players

Impure - Winner!

  • Race: Terran Terran
  • League: Grandmaster

xKawaiian

  • Race: Terran Terran
  • League: Master

VOD

Have the link to the VOD?

Description

Time

  • Played on: Jan. 16, 2016, 12:29 a.m.
  • Length: 7:16
Show
View Real Time Build Order
Export as new Build Order

Impure Terran - Winner!

Build Orders:  

Get SALT Encoding   

  12  0:00  SCV  
  13  0:13  SCV  
  14  0:17  Supply Depot  
  14  0:25  SCV  
  14  0:28  Refinery  
  15  0:39  SCV  
  16  0:46  Barracks  
  16  0:51  SCV  
  17  1:03  SCV  
  18  1:06  Refinery  
  18  1:18  SCV  
  19  1:33  Marine, Orbital Command  
  19  1:40  Factory  
  19  1:51  Marine  
  20  1:58  SCV  
  21  2:03  Supply Depot  
  21  2:09  Marine  
  21  2:10  SCV  
  23  2:25  SCV  
  23  2:27  Marine  
  25  2:37  SCV  
  26  2:44  Marine  
  26  2:49  Starport  
  28  2:51  Factory Tech Lab  
  28  2:53  SCV, Supply Depot  
  28  3:02  Marine  
  28  3:05  SCV  
  30  3:14  Cyclone  
  30  3:17  SCV  
  30  3:19  Supply Depot  
  34  3:27  Medivac  
  34  3:30  SCV  
  36  3:41  Barracks Reactor  
  36  3:44  SCV  
  36  3:48  Siege Tank  
  40  3:53  Supply Depot  
  40  4:01  Command Center  
  40  4:09  Viking  
  42  4:18  SCV  
  42  4:23  Marine x2  
  45  4:30  SCV  
  46  4:36  Siege Tank  
  49  4:40  Marine  
  52  4:49  SCV  
  52  4:51  Medivac  
  49  4:54  Supply Depot  
  49  4:56  Engineering Bay  
  49  4:57  Marine  
  49  4:58  Marine  
  51  5:01  SCV  
  52  5:11  Siege Tank  
  51  5:14  SCV  
  51  5:15  Orbital Command  
  51  5:23  Marine x2  
  51  5:26  SCV  
  54  5:37  Viking  
  54  5:38  SCV  
  54  5:41  Orbital Command  
  57  5:50  SCV  
  57  5:54  Barracks Tech Lab  
  57  5:56  Siege Tank  
  61  6:04  SCV  
  62  6:14  SCV  
  62  6:15  Marine  
  64  6:33  Marine  
  64  6:36  Starport Reactor  
  64  6:37  SCV  
  64  6:38  Barracks  
  61  6:40  Barracks  
  61  6:44  SCV, Missile Turret  
  61  6:49  SCV  
  61  6:50  Missile Turret, Marine  
  61  6:59  SCV  
Show
View Real Time Build Order
Export as new Build Order

xKawaiian Terran 

Build Orders: 1/1/1, Cyclone Opening 

Get SALT Encoding   

  12  0:00  SCV  
  13  0:12  SCV  
  14  0:17  Supply Depot  
  14  0:24  SCV  
  15  0:39  SCV  
  15  0:41  Barracks  
  16  0:47  Refinery  
  16  0:51  SCV  
  16  0:54  Refinery  
  17  1:03  SCV  
  18  1:15  SCV  
  19  1:32  Marine  
  19  1:33  Orbital Command  
  19  1:39  Factory  
  20  1:51  Supply Depot  
  20  1:53  Marine  
  21  2:00  SCV  
  21  2:11  Marine  
  21  2:12  SCV  
  23  2:22  Starport  
  23  2:24  Factory Tech Lab  
  23  2:27  SCV  
  24  2:32  Marine  
  25  2:37  Supply Depot  
  25  2:39  SCV  
  26  2:50  Cyclone  
  29  2:53  SCV  
  29  2:55  Marine  
  31  3:02  Medivac  
  33  3:13  Marine  
  34  3:20  Engineering Bay  
  34  3:22  Siege Tank  
  37  3:34  Viking  
  39  3:48  Marine  
  39  3:53  Missile Turret  
  39  3:55  Siege Tank  
  43  4:05  Supply Depot  
  43  4:06  Marine, Liberator  
  47  4:26  Marine  
  48  4:40  Barracks  
  48  4:41  Supply Depot  
  48  4:50  Marine  
  48  4:52  SCV  
  43  5:08  Marine  
  38  5:19  Supply Depot  
  38  5:21  Barracks, Starport Tech Lab  
  38  5:22  Barracks  
  38  5:26  Marine  
  39  5:32  Hellion  
  38  5:41  Banshee  
  38  5:42  Marine  
  41  5:47  Cloaking Field  
  42  5:51  Marine  
  43  6:00  Marine  
  44  6:09  Marine  
  45  6:13  Widow Mine  
  45  6:16  Marine  
  45  6:18  Marine  
  42  6:27  Marine  
  41  6:32  Marine  
  41  6:34  Viking  
  41  6:40  Marine x2  
  41  6:42  Widow Mine  
  41  6:45  Marine  
  45  6:51  Marine  
Tags
 
Add a new tag
Caveats
  • Supply blocks, unpowered buildings, or Contaminate may cause inaccurate times.
  • Supply counts are checked every 10 seconds.